[Event "ICC tourney 2626 (40 10)"]
[Site "Internet Chess Club"]
[Date "2021.07.10"]
[Round "4"]
[White "ZENG, ELBERT:investigator"]
[Black "Belous, Vladimir:Openyagami"]
[Result "0-1"]
[ICCResult "White resigns"]
[WhiteElo "2094"]
[BlackElo "2598"]
[Opening "King's Indian: Petrosian system, main line"]
[ECO "E93"]
[NIC "KI.16"]
[Time "17:46:13"]
[TimeControl "2400+10"]

1. d4 Nf6 2. c4 g6 3. Nc3 Bg7 4. e4 d6 5. Nf3 O-O 6. Be2 e5 7. d5 Nbd7 8.
Bg5 h6 9. Bh4 a5 10. O-O Nc5 11. Qc2 Bd7 12. b3 g5 13. Bg3 Ncxe4 14. Nxe4
Nxe4 15. Qxe4 f5 16. Qc2 e4 17. Nd4 Bxd4 18. Rad1 Bc5 19. h4 Qf6 20. Kh1
Rae8 21. f4 Be3 22. c5 gxf4 23. Bxf4 Qxh4+ 24. Bh2 Bf2 25. Rxf2 Qxf2 26.
cxd6 Bb5 27. Bd3 Qxc2 28. Bxc2 cxd6 29. Bxd6 Rf6 30. Bf4 Kf7 31. a4 Ba6 32.
Kg1 Rc8 33. Rd2 Ke7 34. Kf2 Kd7 35. Ke3 Rg6 36. Kd4 h5 37. Ke5 Rg4 38. g3
Re8+ 39. Kxf5 Rf8+ 40. Kxe4 h4 41. Bd1 Rg7 42. gxh4 Re7+ 43. Be5 Rg8 44. Kd4
b6 45. h5 Bb7 46. Bf3 Rf7 47. Rg2 Rxg2 48. Bxg2 Rh7 49. Bf3 Bc8 50. Bg4+ Kd8
51. Bf6+ Kc7 52. d6+ Kxd6 53. Bxc8 Rxh5 54. Bg4 Rd5+ 55. Ke4 b5 56. Bc3 bxa4
57. bxa4 Rc5 58. Kd4 Kc6 59. Bf3+ Kb6 60. Kd3 Rf5 61. Bd4+ Ka6 62. Bg4 Rf8
63. Bc5 Re8 64. Kd4 Kb7 65. Bf3+ Kc7 66. Kc4 Re1 67. Bd4 Rb1 68. Be4 Rb4+
69. Kc3 Rxa4 70. Bc2 Rb4 71. Be3 Rh4 72. Bd4 Kd6 73. Kc4 Rg4 74. Bd1 Rg2 75.
Bc3 Rg5 76. Bd2 Rc5+ 77. Kb3 Rd5 78. Bf4+ Kc5 79. Be3+ Kd6 80. Bf4+ Ke7 81.
Bc2 Kd7 82. Kc4 Rh5 83. Bd2 Kc6 84. Be4+ Kc7 85. Bd5 Kb6 86. Be3+ Ka6 87.
Bc6 Rh3 88. Bd4 Rh2 89. Kd5 Rc2 90. Kd6 a4 91. Bxa4 Rc4 92. Kd5 Rxa4 93. Kc5
Kb7 94. Kd5 Ra5+ 95. Kc4 Kc6 96. Bc3 Ra4+ 97. Kd3 Kd5 98. Bb2 Rh4 99. Ke3
Rh3+ 100. Kf4 Rb3 101. Bg7 Rb1 102. Kf3 Rf1+ 103. Kg2 Rf7 104. Bh6 Ke4 105.
Bd2 Rb7 106. Bc3 Rb3 107. Ba5 Ke3 108. Bc7 Rb7 109. Bh2 Rg7+ 110. Kh1 Kf3
111. Be5 Re7 112. Bd4 Rf7 113. Bg1 Rb7 114. Bh2 Rb2 115. Bg1 Kg3 116. Bd4
Rb7 117. Bg1 Rh7+ {White resigns} 0-1

[Event "ICC tourney 2626 (40 10)"]
[Site "Internet Chess Club"]
[Date "2021.07.10"]
[Round "5"]
[White "Higgins, Sean M:higg1921"]
[Black "CHENG, MICHAEL NY:ningyuan131"]
[Result "1/2-1/2"]
[ICCResult "Game drawn by mutual agreement"]
[WhiteElo "1441"]
[BlackElo "2069"]
[Opening "Caro-Kann: exchange variation"]
[ECO "B13"]
[NIC "CK.02"]
[Time "20:01:59"]
[TimeControl "2400+10"]

1. e4 c6 2. d4 d5 3. exd5 cxd5 4. Bd3 Nc6 5. c3 Qc7 6. h3 Nf6 7. Nf3 g6 8.
O-O Bf5 9. Qc2 Bxd3 10. Qxd3 Bg7 11. Be3 O-O 12. Nbd2 a6
{Game drawn by mutual agreement}
1/2-1/2

[Event "ICC tourney 2626 (40 10)"]
[Site "Internet Chess Club"]
[Date "2021.07.10"]
[Round "5"]
[White "MOERLIEN, PUWIT SKY:SuperBlueSky"]
[Black "ERANKI, PRADYUMN:prady2008"]
[Result "1-0"]
[ICCResult "Black resigns"]
[WhiteElo "1652"]
[BlackElo "578"]
[Opening "QGD"]
[ECO "D52"]
[NIC "QO.16"]
[Time "20:01:38"]
[TimeControl "2400+10"]

1. d4 d5 2. c4 e6 3. Nc3 Nf6 4. Bg5 Nbd7 5. e3 c6 6. Nf3 h6 7. Bxf6 Qxf6 8.
Qc2 Bb4 9. Rc1 Nb6 10. a3 Bxc3+ 11. Qxc3 O-O 12. b3 Nd7 13. Bd3 Re8 14. O-O
e5 15. dxe5 Nxe5 16. Nxe5 Qxe5 17. cxd5 Qxc3 18. Rxc3 cxd5 19. Bb5 Re6 20.
Rfc1 Rb6 21. Rxc8+ Rxc8 22. Rxc8+ Kh7 23. Bd3+ g6 24. b4 a5 25. b5 Rd6 26.
Rc7 Kg7 27. g3 b6 28. Rc6 Rf6 29. Rxf6 Kxf6 30. Kg2 Ke5 31. Kf3 d4 32. Bc4
f5 33. Ke2 dxe3 34. Kxe3 g5 35. f4+ gxf4+ 36. gxf4+ Kd6 37. Kd4 h5 38. h4 a4
39. Bf7 Ke7 40. Bxh5 Kf6 41. Be8 Ke7 42. Bc6 Kf6 43. h5 Kg7 44. Ke5 Kh6 45.
Kxf5 Kxh5 46. Ke6 Kg6 47. f5+ Kg7 48. Ke7 Kg8 49. f6 Kh8 50. f7 Kh7 51. Be4+
Kh6 52. f8=Q+ Kh5 53. Bg6+ Kxg6 54. Qf6+ Kh7 55. Qg5 {Black resigns} 1-0

[Event "ICC tourney 2626 (40 10)"]
[Site "Internet Chess Club"]
[Date "2021.07.10"]
[Round "5"]
[White "OBERAI, VIKRAM:vober6"]
[Black "CAO, TIMOTHY:tcao"]
[Result "1/2-1/2"]
[ICCResult "Game drawn by mutual agreement"]
[WhiteElo "1945"]
[BlackElo "2065"]
[Opening "Sicilian defense"]
[ECO "B33"]
[NIC "SI.34"]
[Time "20:01:38"]
[TimeControl "2400+10"]

1. e4 c5 2. Nf3 Nc6 3. d4 cxd4 4. Nxd4 Nf6 5. Nc3 e6 6. Be3 Bb4 7. Bd3 d5 8.
Nxc6 bxc6 9. exd5 cxd5 10. Bb5+ Bd7 11. Bxd7+ Qxd7 12. O-O O-O 13. Ne2 Rfc8
14. c3 Bd6 15. Ng3 Rab8 16. Rb1 {Game drawn by mutual agreement} 1/2-1/2

[Event "ICC tourney 2626 (40 10)"]
[Site "Internet Chess Club"]
[Date "2021.07.10"]
[Round "5"]
[White "YE, STEPHEN:Monkeee"]
[Black "Chen, Henry:Bluebird1222"]
[Result "1-0"]
[ICCResult "Black resigns"]
[WhiteElo "1980"]
[BlackElo "1681"]
[Opening "QGD semi-Slav"]
[ECO "D43"]
[NIC "SL.03"]
[Time "20:01:46"]
[TimeControl "2400+10"]

1. d4 d5 2. c4 c6 3. Nc3 Nf6 4. Nf3 e6 5. Bg5 h6 6. Bxf6 Qxf6 7. e3 Bd6 8.
Bd3 dxc4 9. Bxc4 Nd7 10. O-O Qe7 11. e4 e5 12. dxe5 Nxe5 13. Nxe5 Qxe5 14.
g3 Bh3 15. Re1 O-O 16. Qe2 Rae8 17. f4 Bc5+ 18. Kh1 Qf6 19. Qh5 Be6 20. Bxe6
Qxe6 21. Qxc5 b6 22. Qe3 f5 23. e5 Rd8 24. Rad1 c5 25. Rd2 Qc6+ 26. Kg1 Qe6
27. Red1 Qe7 28. Nd5 Qe6 29. Nf6+ gxf6 30. Rxd8 fxe5 31. Rxf8+ Kxf8 32. fxe5
{Black resigns}
1-0

[Event "ICC tourney 2626 (40 10)"]
[Site "Internet Chess Club"]
[Date "2021.07.10"]
[Round "5"]
[White "Gaw, Chloe:HarleyQueen8"]
[Black "XIE, YULE:OctopusYule"]
[Result "1/2-1/2"]
[ICCResult "Game drawn by mutual agreement"]
[WhiteElo "1900"]
[BlackElo "1845"]
[Opening "Nimzo-Indian: classical variation"]
[ECO "E32"]
[NIC "NI.20"]
[Time "20:01:54"]
[TimeControl "2400+10"]

1. d4 Nf6 2. c4 e6 3. Nc3 Bb4 4. Qc2 O-O 5. a3 Bxc3+ 6. Qxc3 b6 7. Bg5 Bb7
8. f3 d5 9. e3 c5 10. cxd5 Nxd5 11. Bxd8 Nxc3 12. Bxb6 axb6 13. bxc3 Ra5 14.
Kd2 Nd7 15. Bc4 Rfa8 16. Ne2 Rxa3 17. Rxa3 Rxa3 {Game drawn by mutual
agreement} 1/2-1/2

[Event "ICC tourney 2626 (40 10)"]
[Site "Internet Chess Club"]
[Date "2021.07.10"]
[Round "5"]
[White "FAULKS, ANTHONY:BlackKnight8020"]
[Black "LI, EDWARD:ScoutViolet"]
[Result "1-0"]
[ICCResult "Black resigns"]
[WhiteElo "1967"]
[BlackElo "1607"]
[Opening "Queen's pawn game"]
[ECO "D00"]
[NIC "QP.08"]
[Time "20:01:41"]
[TimeControl "2400+10"]

1. d4 d5 2. e3 e6 3. Bd3 Nf6 4. Nd2 Nbd7 5. f4 c5 6. c3 Be7 7. Ngf3 Ng4 8.
Qe2 h6 9. Ne5 Ngxe5 10. fxe5 O-O 11. Qh5 Bh4+ 12. g3 Bg5 13. Nf3 Re8 14. h4
Be7 15. g4 f6 16. g5 fxg5 17. hxg5 Rf8 18. Qg6 {Black resigns} 1-0

[Event "ICC tourney 2626 (40 10)"]
[Site "Internet Chess Club"]
[Date "2021.07.10"]
[Round "5"]
[White "TRANDAFIR, STEFAN:trandaferrari"]
[Black "SRIRAM, SHRAVAN:chickenlord999"]
[Result "1-0"]
[ICCResult "Black resigns"]
[WhiteElo "1951"]
[BlackElo "1577"]
[Opening "French: Winawer, advance, Bogolyubov variation"]
[ECO "C17"]
[NIC "FR.10"]
[Time "20:01:42"]
[TimeControl "2400+10"]

1. e4 e6 2. d4 d5 3. Nc3 Bb4 4. e5 c5 5. Bd2 Nc6 6. Nb5 Qa5 7. Nd6+ Kf8 8.
c3 cxd4 9. cxb4 Qd8 10. Nxc8 Nxe5 11. Nf3 Nxf3+ 12. Qxf3 Rxc8 13. Bd3 e5 14.
Bf5 e4 15. Qa3 Rc2 16. b5+ Ne7 17. Bb4 d3 18. O-O g6 19. Bg4 f5 20. Bd1 Rc7
21. Qxa7 Qd7 22. Qd4 Kg8 23. Bc3 Rxc3 24. bxc3 Qxb5 25. Bb3 h6 26. c4 Qd7
27. cxd5 Rh7 28. d6+ Kf8 29. Qf6+ Ke8 30. dxe7 Qxe7 31. Qxg6+ Kf8 32. Qxf5+
Rf7 33. Qxf7+ Qxf7 34. Bxf7 Kxf7 35. Rfe1 d2 36. Rxe4 b5 37. Rd1 b4 38. Rxd2
b3 39. axb3 h5 40. Rd5 h4 41. b4 h3 42. b5 hxg2 43. Rf5+ Kg6 44. Rf3 Kg5 45.
Re8 Kg6 46. Rg8+ Kh7 47. Rg4 Kh6 48. b6 Kh5 49. Rg8 Kh4 50. b7 {Black
resigns} 1-0

[Event "ICC tourney 2626 (40 10)"]
[Site "Internet Chess Club"]
[Date "2021.07.10"]
[Round "5"]
[White "CRG, Krishna:crg"]
[Black "HEBDEN, MARK L:mhebden"]
[Result "1-0"]
[ICCResult "Black resigns"]
[WhiteElo "2577"]
[BlackElo "2503"]
[Opening "King's Indian: East Indian defense"]
[ECO "A48"]
[NIC "QP.06"]
[Time "20:01:31"]
[TimeControl "2400+10"]

1. d4 Nf6 2. Nf3 g6 3. Nbd2 Bg7 4. e4 d6 5. Bd3 O-O 6. O-O c5 7. dxc5 dxc5
8. Qe2 Nc6 9. c3 Qc7 10. a4 Nh5 11. Nc4 Nf4 12. Bxf4 Qxf4 13. h3 Qc7 14. Ne3
e6 15. Nc4 b6 16. Rad1 Rb8 17. e5 Bb7 18. Rfe1 Rbd8 19. Na3 Rd5 20. Be4 Rxd1
21. Rxd1 Ba8 22. Nb5 Qb8 23. Rd6 Rc8 24. Rd7 a6 25. Nd6 Rc7 26. Rxc7 Qxc7
27. Qxa6 Qb8 28. Qc8+ Qxc8 29. Nxc8 Na7 30. Ne7+ Kf8 31. Nxg6+ hxg6 32. Bxa8
Ke7 33. Kf1 b5 34. axb5 Nxb5 35. Ke2 c4 36. Bb7 Nc7 37. Ke3 Bh6+ 38. Kd4 Bc1
39. Kxc4 Bxb2 40. Kb4 Bc1 41. c4 Kd7 42. Kc5 Ba3+ 43. Kb6 {Black resigns}
1-0

[Event "ICC tourney 2626 (40 10)"]
[Site "Internet Chess Club"]
[Date "2021.07.10"]
[Round "5"]
[White "Belous, Vladimir:Openyagami"]
[Black "Volkov, Sergey:Volkov"]
[Result "0-1"]
[ICCResult "White resigns"]
[WhiteElo "2598"]
[BlackElo "2607"]
[Opening "QGD Slav: 4.Nc3"]
[ECO "D15"]
[NIC "SL.03"]
[Time "20:01:32"]
[TimeControl "2400+10"]

1. c4 c6 2. Nf3 d5 3. d4 Nf6 4. Nc3 a6 5. c5 g6 6. Bf4 Bg7 7. e3 O-O 8. Be2
Bg4 9. Qb3 Qc8 10. Na4 Nbd7 11. h3 Bxf3 12. gxf3 Nh5 13. Bh2 f5 14. e4 e6
15. Bd6 Bxd4 16. f4 Nxf4 17. Bxf4 fxe4 18. Qg3 Nxc5 19. O-O-O e5 20. Bh6
Nxa4 21. Rxd4 exd4 22. Qe5 Rf7 23. Bg4 Nc5 24. Kb1 Nd3 25. Qxd4 Qe8 26. f4
Rd8 27. f5 c5 28. Qg1 Qe5 29. Rh2 Rxf5 30. Bxf5 Qxf5 31. h4 d4 32. h5 e3 33.
hxg6 hxg6 34. Ka1 Rd7 35. Rg2 Rd6 36. a3 Rf6 37. Qh2 Qe5 38. Qg1 Qe4 39. Bg5
Rf2 {White resigns} 0-1

[Event "ICC tourney 2626 (40 10)"]
[Site "Internet Chess Club"]
[Date "2021.07.10"]
[Round "5"]
[White "GUTLA, ARYAN:Aryangambit"]
[Black "HU, ALEXANDER C:ahu1015"]
[Result "0-1"]
[ICCResult "White resigns"]
[WhiteElo "2070"]
[BlackElo "2024"]
[Opening "Sicilian: dragon, Yugoslav attack"]
[ECO "B75"]
[NIC "SI.17"]
[Time "20:01:35"]
[TimeControl "2400+10"]

1. e4 c5 2. Nf3 d6 3. d4 cxd4 4. Nxd4 Nf6 5. Nc3 g6 6. Be3 Bg7 7. f3 a6 8.
Bc4 b5 9. Bb3 Bb7 10. Qd2 h5 11. O-O-O Nbd7 12. Kb1 Rc8 13. Rhe1 Nb6 14. e5
dxe5 15. Ne6 Qxd2 16. Nxg7+ Kf8 17. Ne6+ fxe6 18. Bxd2 e4 19. Nxe4 Bxe4 20.
fxe4 e5 21. Ba5 Nc4 22. Bc3 Rc5 23. Bb4 Rc7 24. Bc3 Rc5 25. Bxc4 bxc4 26.
Bb4 Rc7 27. Rd8+ Kg7 28. Rxh8 Kxh8 29. Bc3 Rc5 30. Kc1 Kg7 31. Kd2 Kf7 32.
b4 cxb3 33. axb3 Ke6 34. Ra1 Nxe4+ 35. Kd3 Nxc3 36. Rxa6+ Kf5 37. b4 Rc7 38.
Ra5 e6 39. b5 Rc5 40. Ra8 Nxb5 41. Rf8+ Kg5 42. c4 Nd6 43. Rd8 Nxc4 44. Ke4
Rd5 {White resigns} 0-1

[Event "ICC tourney 2626 (40 10)"]
[Site "Internet Chess Club"]
[Date "2021.07.10"]
[Round "5"]
[White "SHAWKAT, SAIF:saif-shawkat"]
[Black "FILIPOVICH, DAVID MICHAEL:dmfcan"]
[Result "1/2-1/2"]
[ICCResult "Game drawn by mutual agreement"]
[WhiteElo "2055"]
[BlackElo "2150"]
[Opening "Caro-Kann defense"]
[ECO "B10"]
[NIC "CK.01"]
[Time "20:01:47"]
[TimeControl "2400+10"]

1. e4 c6 2. Nf3 d5 3. d3 Bg4 4. h3 Bxf3 5. Qxf3 e6 6. g3 Nd7 7. Bg2 Ngf6 8.
O-O Bc5 9. Nd2 O-O 10. Re1 Qc7 11. c3 dxe4 12. Nxe4 Nxe4 13. Qxe4 e5 14. b4
Bb6 15. a4 a5 16. Bb2 Rfe8 17. Qc4 Rad8 18. d4 exd4 19. cxd4 axb4 20. Qxb4
Nf6 21. Rxe8+ Rxe8 22. a5 Ba7 23. a6 Rb8 24. Ba3 bxa6 25. Qc4 Rd8 26. Bc5 a5
27. Bxa7 Qxa7 28. Qxc6 Qxd4 {Game drawn by mutual agreement} 1/2-1/2

[Event "ICC tourney 2626 (40 10)"]
[Site "Internet Chess Club"]
[Date "2021.07.10"]
[Round "5"]
[White "YERRA, SAI SNEHA:saisneha"]
[Black "REVESZ, GREGORY:GRevesz"]
[Result "1/2-1/2"]
[ICCResult "Game drawn because neither player has mating material"]
[WhiteElo "1950"]
[BlackElo "1979"]
[Opening "Budapest: Adler variation"]
[ECO "A52"]
[NIC "QG.01"]
[Time "20:01:47"]
[TimeControl "2400+10"]

1. d4 Nf6 2. c4 e5 3. dxe5 Ng4 4. Nf3 Nc6 5. Bf4 Bb4+ 6. Nc3 Qe7 7. Qc2
Ngxe5 8. Nxe5 Nxe5 9. e3 Ng6 10. Bxc7 O-O 11. O-O-O Bxc3 12. Qxc3 Re8 13.
Be2 Qc5 14. Bd6 Qf5 15. Bf3 Nh4 16. e4 Qg5+ 17. Kb1 b6 18. Rd5 Qg6 19. Qd3
Bb7 20. Rd4 Re6 21. Bg3 Nxf3 22. gxf3 Bc6 23. h4 h5 24. Rg1 Rf8 25. Bh2 Qf6
26. e5 Qxf3 27. Qxf3 Bxf3 28. Rxd7 a5 29. Kc2 Rc8 30. Kd3 Bg4 31. b3 Rg6 32.
Rb7 Rd8+ 33. Ke3 a4 34. f3 axb3 35. fxg4 bxa2 36. Ra7 Rc6 37. Rxa2 Rxc4 38.
Rag2 Rc3+ 39. Ke4 Rc4+ 40. Kf5 g6+ 41. Kg5 hxg4 42. Rxg4 Rc2 43. h5 Rxh2 44.
hxg6 Re8 45. gxf7+ Kxf7 46. Kf5 Rh5+ 47. Rg5 Rxg5+ 48. Rxg5 b5 49. Rg4 Rb8
50. Rb4 Ke7 51. Rb3 b4 52. Ke4 Rh8 53. Kd5 Rd8+ 54. Kc4 Rc8+ 55. Kxb4 Rb8+
56. Kc4 Rxb3 57. Kxb3 Ke6 58. Kc4 Kxe5
{Game drawn because neither player has mating material}
1/2-1/2

[Event "ICC tourney 2626 (40 10)"]
[Site "Internet Chess Club"]
[Date "2021.07.10"]
[Round "5"]
[White "CHUBAKOV, SULTAN:schubakov"]
[Black "XIA, RUOXIAO:K05-16025390"]
[Result "1-0"]
[ICCResult "Black resigns"]
[WhiteElo "2100"]
[BlackElo "1873"]
[Opening "Catalan: closed, 5.Nf3"]
[ECO "E06"]
[NIC "CA.04"]
[Time "20:01:35"]
[TimeControl "2400+10"]

1. d4 d5 2. c4 e6 3. Nf3 Be7 4. g3 Nf6 5. Bg2 O-O 6. O-O b6 7. cxd5 exd5 8.
Nc3 Bb7 9. Ne5 Nbd7 10. Qa4 Nb8 11. Rd1 a6 12. a3 Re8 13. Qb3 Ra7 14. e4 c5
15. exd5 Bd6 16. Nf3 b5 17. dxc5 Bxc5 18. Bg5 Nbd7 19. Re1 Rxe1+ 20. Rxe1
Qb6 21. Re2 h6 22. Bxf6 Nxf6 23. Qd1 Ra8 24. b4 Bd6 25. Nd4 Rc8 26. Nc6 Kh8
27. Rc2 Bxc6 28. dxc6 Bf8 29. Rd2 a5 30. Rd4 Re8 31. h3 axb4 32. axb4 Re6
33. Rd8 Re8 34. Rxe8 Nxe8 35. Qd7 Nc7 36. Qd8 Kg8 37. Nxb5 Qxb5 38. Qxc7
Qxb4 39. Qd8 Qd6 40. c7 {Black resigns} 1-0

[Event "ICC tourney 2626 (40 10)"]
[Site "Internet Chess Club"]
[Date "2021.07.10"]
[Round "5"]
[White "GUILLEMETTE, HUGO:Heliosis"]
[Black "Bian, Erin:funpawn"]
[Result "0-1"]
[ICCResult "White resigns"]
[WhiteElo "1886"]
[BlackElo "1840"]
[Opening "Ruy Lopez: 5.O-O"]
[ECO "C78"]
[NIC "RL.12"]
[Time "20:01:37"]
[TimeControl "2400+10"]

1. e4 e5 2. Nf3 Nc6 3. Bb5 a6 4. Ba4 Nf6 5. O-O b5 6. Bb3 Bc5 7. a4 Rb8 8.
c3 d6 9. d4 Bb6 10. a5 Ba7 11. Be3 Bg4 12. dxe5 Bxf3 13. Qxf3 Nxe5 14. Qg3
Bxe3 15. Qxe3 O-O 16. Nd2 Re8 17. f4 Ng6 18. f5 Ne5 19. Qh3 b4 20. Rae1 Qd7
21. cxb4 Rxb4 22. Qc3 Reb8 23. Re2 R8b7 24. h3 Qb5 25. Re3 h6 26. Rc1 Qxa5
27. Nc4 Nxc4 28. Bxc4 Qb6 29. b3 Nxe4 30. Qd3 Nf6 31. Kh1 Qa5 32. Rce1 Rb8
33. Re7 d5 34. R7e5 dxc4 35. bxc4 Qa4 36. Re7 Qb3 {White resigns} 0-1

[Event "ICC tourney 2626 (40 10)"]
[Site "Internet Chess Club"]
[Date "2021.07.10"]
[Round "5"]
[White "POWER, SEAN K:KnightHopper"]
[Black "LIANG, ETHAN Y:ELCCEthan488"]
[Result "1-0"]
[ICCResult "Black resigns"]
[WhiteElo "2021"]
[BlackElo "1842"]
[Opening "Sicilian: Smith-Morra gambit"]
[ECO "B21"]
[NIC "SI.48"]
[Time "20:01:59"]
[TimeControl "2400+10"]

1. e4 c5 2. d4 cxd4 3. c3 d3 4. Bxd3 Nc6 5. Nf3 g6 6. c4 d6 7. Nc3 Bg7 8.
Be3 Nf6 9. h3 O-O 10. O-O Nd7 11. Qd2 Nde5 12. Nxe5 Nxe5 13. Be2 Be6 14. Bd4
Nc6 15. Bxg7 Kxg7 16. f4 Qb6+ 17. Kh1 Qd4 18. Qe1 Bxc4 19. Bxc4 Qxc4 20. f5
Ne5 21. Nd5 Rae8 22. f6+ exf6 23. Nxf6 Re6 24. Qh4 h6 25. Rac1 Qa6 26. Nd5
g5 27. Qh5 Qxa2 28. Rc7 Qxb2 29. Ne3 Qb6 30. Nf5+ Kh7 31. Re7 Rf6 32. Rc1 a5
33. Qd1 Qb4 34. Qc2 b5 35. Qc7 Qxe4 36. Nxd6 Qf4 37. Nxb5 a4 38. Rxe5 Rc8
39. Qxc8 Qxe5 40. Qc2+ Kg7 41. Qxa4 Qe3 42. Ra1 Qe2 43. Nc7 Rf1+ 44. Rxf1
Qxf1+ 45. Kh2 Qe2 46. Qd4+ Kg6 47. Nd5 Qe6 48. Qb6 Kf5 49. Qxe6+ fxe6 50.
Ne3+ Kf4 51. Ng4 h5 52. Nf6 h4 53. Kg1 e5 54. Kf2 e4 55. Ng4 Kf5 {Black
resigns} 1-0

[Event "ICC tourney 2626 (40 10)"]
[Site "Internet Chess Club"]
[Date "2021.07.10"]
[Round "5"]
[White "CHEN, JUSTIN:justinchess"]
[Black "Chakrabarti, Brejesh:Kochi222"]
[Result "1-0"]
[ICCResult "Black checkmated"]
[WhiteElo "2383"]
[BlackElo "2066"]
[Opening "QGD: Ragozin variation"]
[ECO "D38"]
[NIC "NI.27"]
[Time "20:02:31"]
[TimeControl "2400+10"]

1. d4 Nf6 2. c4 e6 3. Nf3 d5 4. Nc3 Bb4 5. Qb3 Be7 6. Bg5 c6 7. e3 h6 8. Bh4
Nbd7 9. Rc1 O-O 10. Be2 Nb6 11. Ne5 Nfd7 12. Bxe7 Qxe7 13. Nxd7 Nxd7 14. O-O
Nf6 15. Rc2 b6 16. Rfc1 Bb7 17. cxd5 exd5 18. Bf3 Qd6 19. Ne2 Rfc8 20. Qd3
Qd7 21. Ng3 Re8 22. Nh5 Nxh5 23. Bxh5 Qd6 24. g3 Rac8 25. Bf3 Rc7 26. Kg2
Bc8 27. Qa3 Qe6 28. Kg1 g6 29. Rc3 h5 30. h4 Bd7 31. b4 b5 32. Rc5 Rb7 33.
R1c3 Reb8 34. Qc1 Rb6 35. Ra3 Ra8 36. Ra5 Kh7 37. Bg2 Qf6 38. Ra3 Qe6 39.
Qc2 Qf6 40. Qd2 Qe6 41. Kh2 Kg8 42. Ra5 Kh7 43. a4 bxa4 44. b5 Rab8 45. bxc6
Bxc6 46. Rxa7 Rb2 47. Rc2 R2b6 48. Qc3 R8b7 49. Ra5 Qd7 50. Rc5 Rb3 51. Qa1
R7b6 52. Qa2 Qb7 53. Qa1 Rb1 54. Qc3 R1b3 55. Qa5 Ra6 56. Qd8 a3 57. Bxd5
Bxd5 58. Rc8 g5 59. Qg8+ Kh6 60. hxg5# {Black checkmated} 1-0

[Event "ICC tourney 2626 (40 10)"]
[Site "Internet Chess Club"]
[Date "2021.07.10"]
[Round "5"]
[White "LANE, THOMAS COE:tclaneva"]
[Black "TURCOTTE,JONATHAN:JonnyTurgi"]
[Result "0-1"]
[ICCResult "White resigns"]
[WhiteElo "1790"]
[BlackElo "2091"]
[Opening "Caro-Kann: classical, Spassky variation"]
[ECO "B18"]
[NIC "CK.12"]
[Time "20:01:43"]
[TimeControl "2400+10"]

1. e4 c6 2. d4 d5 3. Nc3 dxe4 4. Nxe4 Bf5 5. Ng3 Bg6 6. Nf3 Nd7 7. h4 h6 8.
h5 Bh7 9. Bd3 Bxd3 10. Qxd3 e6 11. Ne4 Ngf6 12. Bf4 Nxe4 13. Qxe4 Qa5+ 14.
c3 Nf6 15. Qe5 Qxe5+ 16. Nxe5 Be7 17. O-O-O O-O 18. g4 Nd5 19. Bg3 Bg5+ 20.
Kb1 Rfd8 21. Rhf1 Nf4 22. Bxf4 Bxf4 23. Nd3 Bg5 24. f4 Be7 25. f5 exf5 26.
Rxf5 Bf6 27. Nc5 b6 28. Ne4 Be7 29. Rdf1 Rf8 30. Kc2 Rae8 31. Kd3 g6 32.
R5f3 Kg7 33. c4 Rd8 34. Kc3 a5 35. b3 Rd7 36. R1f2 Bb4+ 37. Kd3 Rfd8 38. Ke3
Re7 39. hxg6 fxg6 40. Re2 Bc3 41. d5 cxd5 42. cxd5 Rxd5 43. Kf2 Bd4+ 44. Kf1
Rde5 45. Ng3 Rxe2 46. Nxe2 Be5 47. Kg2 h5 48. gxh5 gxh5 49. Ng3 Bxg3 50.
Rxg3+ Kf6 51. Rc3 Kf5 52. a4 Re4 53. Kf3 Rf4+ 54. Kg3 Rb4 55. Kf3 Ke5 56.
Rd3 Rd4 57. Re3+ Kd5 58. Rc3 Rd1 59. Ke2 Rh1 60. Kf2 h4 61. Kg2 Rb1 62. Rh3
Rb2+ 63. Kf1 Kc5 64. Ke1 Kb4 65. Rxh4+ Kxb3 66. Kd1 Ka3 67. Kc1 Rb4 68. Rh3+
Kxa4 69. Rh5 b5 70. Rh3 Rb3 71. Rh8 b4 72. Rh5 Rg3 73. Kb2 Rg2+ 74. Kb1 Re2
75. Ka1 Rd2 76. Kb1 Kb3 77. Rh3+ Kc4 78. Rh4+ Rd4 79. Rh8 a4 80. Ra8 a3 81.
Rc8+ Kb3 82. Rc1 Rd2 83. Rh1 Kc3 84. Rh3+ Rd3 85. Rh1 b3 86. Rc1+ Kb4 87.
Rh1 Rc3 88. Rh4+ Rc4 89. Rh1 a2+ 90. Ka1 Ka3 {White resigns} 0-1